 Dungeon Crawl Stone Soup version 0.28.0-45-g0d030f2227 (webtiles) character file.

Game seed: 13340575776702314480

138 MisterFreud the Digger (level 5, -1/38 HPs)
             Began as a Ghoul Earth Elementalist on Apr 12, 2022.
             Slain by an orc wizard
             ... wielding a +0 dagger
              (3 damage)
             ... on level 3 of the Dungeon.
             The game lasted 00:03:51 (3457 turns).

MisterFreud the Digger (Ghoul Earth Elementalist)   Turns: 3457, Time: 00:03:52

Health: -1/38      AC:  2    Str: 11 (12) XL:     5   Next: 21%
Magic:  6/7        EV: 11    Int: 11 (12) God:
Gold:   113        SH:  3    Dex:  8 (9)  Spells: 2/8 levels left

rFire   . . .      SeeInvis .   (no weapon)
rCold   + . .      Faith    .   e - +0 buckler
rNeg    + + +      Spirit   .   b - +0 robe
rPois   ∞          Reflect  .   (no helmet)
rElec   .          Harm     .   (no cloak)
rCorr   .          Rampage  .   (no gloves)
Will    .....                   (no boots)
Stlth   ++........              (no amulet)
HPRegen 0.00/turn               i - +4 ring of slaying
MPRegen 0.10/turn               (no ring)

@: inhibited regen
A: claws 1, cold resistance 1, negative energy resistance 3, inhibited
regeneration, torment resistance 2
a: no special abilities


You were on level 3 of the Dungeon.
You visited 1 branch of the dungeon, and saw 3 of its levels.

You collected 113 gold pieces.

Inventory:

Missiles
 c - 141 stones
 g - 3 poisoned darts
Armour
 b - a +0 robe (worn)
 e - a +0 buckler (worn)
Jewellery
 i - a +4 ring of slaying (left claw)
 n - an amulet of regeneration
Scrolls
 a - a scroll of fear
 h - 5 scrolls of immolation
 j - a scroll of torment
 k - 2 scrolls of teleportation {unknown}
 l - a scroll of enchant armour {unknown}
 m - 3 scrolls of enchant weapon {unknown}
 o - a scroll of identify
Potions
 d - a potion of curing
 f - a potion of brilliance


   Skills:
 - Level 1.7 Dodging
 - Level 2.1 Stealth
 + Level 2.0 Shields
 - Level 2.0 Spellcasting
 + Level 1.4 Conjurations
 - Level 0.8 Transmutations
 - Level 5.0 Earth Magic


You had 2 spell levels left.
You knew the following spells:

 Your Spells              Type           Power      Damage    Failure   Level
a - Sandblast             Erth           24%        2d8       4%          1
b - Passwall              Tmut/Erth      5%         N/A       17%         2
c - Stone Arrow           Conj/Erth      16%        3d8       30%         3

Your spell library contained the following spells:

 Spells                   Type           Power      Damage    Failure   Level
 Ensorcelled Hibernation  Hex/Ice        2%         N/A       50%         2
 Swiftness                Air            1%         N/A       75%         3
 Petrify                  Tmut/Erth      7%         N/A       75%         4


Dungeon Overview and Level Annotations

Branches:
Dungeon (3/15)

Altars:


Innate Abilities, Weirdness & Mutations

You thrive by killing the living.
You are immune to poison.
You have sharp fingernails.
Your flesh is cold resistant. (rC+)
You are immune to negative energy. (rN+++)
You do not regenerate when monsters are visible.
You are immune to unholy pain and torment.


Message History

The orc is severely wounded.
The bat hits you. The orc hits you with a +0 mace!
You barely miss the orc.
The orc is severely wounded.
The bat hits you. The orc closely misses you.
You scratch the orc but do no damage.
The orc is severely wounded.
The bat misses you. The bat hits you but does no damage.
The orc hits you but does no damage. The bat barely misses you.
The bat hits you but does no damage. The bat barely misses you.
The bat closely misses you. The bat hits you. The bat barely misses you. x2
The bat misses you.
You scratch the orc.
You kill the orc!
The bat hits you but does no damage.
You barely miss the bat. The bat hits you. You block the bat's attack.
The orc throws a boomerang.
The boomerang hits you. Something hits you.
You scratch something. Something hits you.
* * * LOW HITPOINT WARNING * * *
Casting: Sandblast (safe; 4% risk of failure)
Confirm with . or Enter, or press ? or * to list all spells.
Aiming: Sandblast (safe; 4% risk of failure)
Press: ? - help, Shift-Dir - straight line, f - orc
Aim: an orc, wielding a +0 flail, wearing a +0 leather armour and quivering boomerangs (heavily wounded, 79% to hit)
The blast of sand hits the orc!
You kill the orc!
You hear some strange, mumbled words.
A magic dart appears from out of thin air!
The magic dart hits you!
* * * LOW HITPOINT WARNING * * *
Unknown command.
Unknown command.
It was a potion of degeneration.
There was something very wrong with that liquid.
You feel weakened.
You feel dopey.
You feel clumsy. Something hits you.
You die...

............#...#.#.#############
................................#
............#.#.#.#.###...#####.#
............#..............# #.#
.......#....###..##.###....# #.#
.......#...........># #....# #.#
.......#.......)b..## #....# #.#
.......##+#.####{### ####.####.#
.#+######.#.####@# #.#....# .
#{#......#########.#.#### #
#.#.............##.#.<...
#.'.............'..#..#.#
###.............##....#..
#.............##.#.....
#.............##.......
#.............#....####
#.............#.##.#


You could see a bat.

Vanquished Creatures
  A hound (D:3)
  A gnoll (D:1)
  4 adders (D:2)
  A worm (D:2)
  4 dart slugs (D:2)
  2 orcs (D:3)
  2 giant cockroaches (D:3)
  4 goblins
  7 hobgoblins
  3 jackals (D:3)
  5 ball pythons (D:2)
  2 bats
  6 frilled lizards
  5 kobolds
  4 rats
51 creatures vanquished.

Notes
Turn   | Place    | Note
-------+----------+-------------------------------------------
     0 | D:1      | MisterFreud the Ghoul Earth Elementalist began the quest
                  | for the Orb.
     0 | D:1      | Reached XP level 1. HP: 14/14 MP: 2/2
   433 | D:1      | Reached XP level 2. HP: 19/20 MP: 4/4
   448 | D:1      | Reached skill level 4 in Earth Magic
   903 | D:2      | Reached XP level 3. HP: 23/26 MP: 5/5
   933 | D:2      | Found a faded altar of an unknown god.
  1675 | D:2      | Reached skill level 5 in Earth Magic
  1684 | D:2      | Reached XP level 4. HP: 17/33 MP: 4/6
  1859 | D:2      | Reached skill level 1 in Shields
  1862 | D:2      | Learned a level 2 spell: Passwall
  1866 | D:2      | Learned a level 3 spell: Stone Arrow
  2549 | D:3      | Reached skill level 1 in Conjurations
  2549 | D:3      | Reached XP level 5. HP: 25/38 MP: 7/7
  3457 | D:3      | Slain by an orc wizard

Illustrated notes

Levels and vault maps discovered:
D:1:      amcnicky_arrival_gap_in_the_tavern_cellar, layout_rooms
D:2:      layout_basic, basic_ecumenical_altar
D:3:      wander_river, layout_basic

Skill      XL: |  1  2  3  4  5 |
---------------+----------------+-----
Spellcasting   | 2 |  2.0
Earth Magic    | 4 5 |  5.0
Shields        | 1 2 |  2.0
Conjurations   | 1 |  1.4
Dodging        | |  1.7
Stealth        | |  2.1
Transmutations | |  0.8

Action                   |  1- 3 |  4- 6 || total
-------------------------+-------+-------++-------
Melee: Unarmed           |    82 |    85 ||   167
       Punch             |       |     5 ||     5
 Cast: Sandblast         |     5 |     1 ||     6
  Use: Scroll            |     5 |       ||     5
       Potion            |       |     1 ||     1
 Stab: Sleeping          |     2 |     3 ||     5
Armor: Robe              |    11 |    14 ||    25
Dodge: Dodged            |    36 |    57 ||    93
Block: Buckler           |       |     1 ||     1
